 Dungeon Crawl Stone Soup version 0.15.2 (webtiles) character file.

1446700 bullock the Annihilator (level 27, -7/204 HPs)
             Began as a Gargoyle Wizard on Nov 22, 2014.
             Was the Champion of Vehumet.
             Killed from afar by an ancient lich (76 damage)
             ... with a crystal spear
             ... on Level 5 of the Realm of Zot on Nov 24, 2014.
             The game lasted 21:12:07 (170095 turns).

bullock the Annihilator (Gargoyle Wizard)         Turns: 170095, Time: 21:12:07

HP  -7/204       AC 57     Str 14      XL: 27
MP   2/49        EV 13     Int 41      God: Vehumet [******]
Gold 16134       SH 26     Dex  5      Spells: 15 memorised,  1 level left

rFire  + + +     SeeInvis .     w - +11 flail of Dried Tears {freeze, rF+ Str+3}
rCold  + + +     Clarity  .     Q - +5 ice dragon armour "Wigatyebb" {rF- rC++ Dex-3 Int+3}
rNeg   + + +     rCorr    +     H - +4 large shield "Biull" {+Blink rN+ Slay+5 Stlth+}
rPois  +         rRot     +     s - +2 helmet {Int+3}
rElec  +         Spirit   .     O - +0 cloak of Starlight {rElec rC+ EV+4 Stlth-}
SustAb .         Warding  .     N - +1 pair of gloves "Fussax" {Str-2 Int+3}
rMut   +         Stasis   .     E - +2 pair of boots "Gugank" {rN+ Int+2}
Gourm  .                        T - amulet of Elitism {rMut +Fly rElec MR+}
MR     ++++.                    X - ring "Abrobi" {rF+ rC+}
                                p - ring "Ziozaxah" {rElec rF+ MR+ Regen}

@: about to teleport, resistant, flying, repel missiles, incredibly resistant to
hostile enchantments, fairly stealthy
A: able to fly continuously, big wings, rugged brown scales 1, negative energy
resistance 1, electricity resistance, unbreathing, petrification resistance, rot
immunity, placid magic 1, AC +20
a: Stop Flying, Renounce Religion, Evoke Blink
}: 15/15 runes: decaying, slimy, silver, golden, iron, obsidian, icy, bone,
abyssal, demonic, glowing, magical, fiery, dark, gossamer


You were on level 5 of the Realm of Zot.
You worshipped Vehumet.
Vehumet was exalted by your worship.
You were full.

You visited 18 branches of the dungeon, and saw 97 of its levels.
You visited Pandemonium 2 times, and saw 34 of its levels.
You visited the Abyss 2 times.
You visited 1 Ziggurat, and saw 21 of its levels.
You also visited: Trove, Bailey, Ice Cave, Volcano and Wizlab.

You collected 17886 gold pieces.
You spent 1752 gold pieces at shops.

Inventory:

Hand weapons
 w - the +11 flail of Dried Tears (weapon) {freeze, rF+ Str+3}
   (You found it on level 3 of the Elven Halls)

   It has been specially enchanted to freeze those struck by it, causing extra
   injury to most foes and up to double damage against particularly susceptible
   opponents.
   It can also slow down cold-blooded creatures.
   It affects your strength (+3).
   It protects you from fire.
 R - the +1 eveningstar "Brilliance" {holy, rN+ AC+5 Int+5 SInv Stlth-}
   (You found it on level 1 of the Tomb of the Ancients)

   It has been blessed by the Shining One to cause great damage to the undead
   and demons.
   It affects your AC (+5).
   It affects your intelligence (+5).
   It protects you from negative energy.
   It enhances your eyesight.
   It makes you less stealthy.
Armour
 s - a +2 helmet of intelligence (worn)
 E - the +2 pair of boots "Gugank" (worn) {rN+ Int+2}
   (You acquired it on level 4 of the Depths)

   It affects your intelligence (+2).
   It protects you from negative energy.
 H - the +4 large shield "Biull" (worn) {+Blink rN+ Slay+5 Stlth+}
   (You took it off a daeva in Pandemonium)

   It affects your accuracy and damage with ranged weapons and melee attacks
   (+5).
   It protects you from negative energy.
   It lets you blink.
   It makes you more stealthy.
 N - the +1 pair of gloves "Fussax" (worn) {Str-2 Int+3}
   (You found it on level 1 of the Lair of Beasts)

   It affects your strength (-2).
   It affects your intelligence (+3).
 O - the +0 cloak of Starlight (worn) {rElec rC+ EV+4 Stlth-}
   (You found it on level 16 of a ziggurat)

   It affects your evasion (+4).
   It protects you from cold.
   It insulates you from electricity.
   It makes you less stealthy.
 Q - the +5 ice dragon armour "Wigatyebb" (worn) {rF- rC++ Dex-3 Int+3}
   (You found it on level 3 of the Tomb of the Ancients)

   It affects your intelligence (+3).
   It affects your dexterity (-3).
   It makes you vulnerable to fire.
   It greatly protects you from cold.
Magical devices
 a - a wand of teleportation (6)
 j - a wand of digging (6)
 l - a wand of teleportation (2)
 m - a wand of teleportation (7)
 o - a wand of teleportation (6)
 r - a wand of draining (2)
 v - a wand of cold (5)
 I - a wand of disintegration (9)
 L - a wand of cold (4)
Comestibles
 d - 38 bread rations
 t - a meat ration
 B - 3 fruits
 C - 17 royal jellies
Scrolls
 b - 35 scrolls of remove curse
 g - a scroll of teleportation
 n - 7 scrolls of immolation
 D - 13 scrolls of blinking
 J - a scroll of identify
 W - a scroll of summoning
Jewellery
 e - the cursed amulet "Uvaboawk" {Gourm +Inv rF+ Slay+4}
   (You found it on level 6 of the Pits of Slime)

   [amulet of the gourmand]

   It allows you to eat raw meat even when not hungry.
   It affects your accuracy and damage with ranged weapons and melee attacks
   (+4).
   It protects you from fire.
   It lets you turn invisible.
   It has a curse placed upon it.
 f - the ring of Sihedi Feaz {MP+9 Str+2 Dex+4}
   (You found it on level 7 of Tartarus)

   [ring of magical power]

   It affects your strength (+2).
   It affects your dexterity (+4).
   It affects your magic capacity (+9).
 h - the cursed ring of Trest {MR+ Str+5}
   (You found it in Pandemonium)

   [ring of protection from magic]

   It affects your strength (+5).
   It affects your resistance to hostile enchantments.
   It has a curse placed upon it.
 p - the ring "Ziozaxah" (left hand) {rElec rF+ MR+ Regen}
   (You found it on level 7 of Tartarus)

   [ring of regeneration]

   It protects you from fire.
   It insulates you from electricity.
   It affects your resistance to hostile enchantments.
   It increases your rate of regeneration.
 S - the cursed ring "Plyeq" {SustAb -Tele rElec rPois Int+2 Slay+6}
   (You found it on level 6 of a ziggurat)

   [ring of sustain abilities]

   It sustains your strength, intelligence and dexterity.
   It affects your intelligence (+2).
   It affects your accuracy and damage with ranged weapons and melee attacks
   (+6).
   It insulates you from electricity.
   It protects you from poison.
   It prevents most forms of teleportation.
   It has a curse placed upon it.
 T - the amulet of Elitism (around neck) {rMut +Fly rElec MR+}
   (You found it on level 6 of a ziggurat)

   [amulet of resist mutation]

   It protects you from mutation.
   It insulates you from electricity.
   It affects your resistance to hostile enchantments.
   It lets you fly.
 X - the ring "Abrobi" (right hand) {rF+ rC+}
   (You took it off an orc warrior on level 5 of the Vaults)

   [ring of protection from cold]

   It protects you from fire.
   It protects you from cold.
Potions
 i - 9 potions of berserk rage
 u - 29 potions of curing
 z - 8 potions of restore abilities
 A - 7 potions of resistance
 F - 2 potions of magic
 G - 4 potions of cure mutation
 U - 8 potions of cancellation
 Z - a potion of porridge
Magical staves
 V - a cursed staff of energy
Miscellaneous
 c - a lamp of fire (inert)
 k - a lamp of fire (inert)
 q - a sack of spiders {used: 1}
 x - a lamp of fire
 K - a sack of spiders {used: 2}
 M - a legendary deck of summonings {drawn: 4}
 P - a fan of gales
 Y - a disc of storms
Rods
 y - a +9 rod of shadows (10/10)
   (You took it off a balrug in Pandemonium)


   Skills:
 O Level 27 Fighting
 + Level 21.5 Maces & Flails
 - Level 22.2 Armour
 - Level 8.7 Dodging
 - Level 13.0 Stealth
 - Level 23.0 Shields
 O Level 27 Spellcasting
 O Level 27 Conjurations
 - Level 11.0 Charms
 - Level 0.8 Summonings
 - Level 5.0 Necromancy
 - Level 6.1 Translocations
 O Level 27 Fire Magic
 + Level 26.9 Earth Magic
 + Level 21.9 Evocations


You had one spell level left.
You knew the following spells:

 Your Spells              Type           Power        Failure   Level  Hunger
a - Lehudib's Crystal Sp  Conj/Erth      ########..   0%          8    None
b - Bolt of Cold          Conj/Ice       #######...   1%          6    None
c - Regeneration          Chrm/Necr      ######....   0%          3    None
d - Haste                 Chrm           #######.     1%          6    None
e - Fireball              Conj/Fire      ########..   0%          5    None
f - Ring of Flames        Chrm/Fire      #######...   1%          7    None
g - Shatter               Erth           ########..   1%          9    None
n - Apportation           Tloc           ######....   0%          1    None
q - Blink                 Tloc           N/A          0%          2    None
r - Fire Storm            Conj/Fire      ########..   1%          9    None
s - Control Teleport      Chrm/Tloc      ######....   1%          4    None
t - Lee's Rapid Deconstr  Erth           ########..   0%          5    None
v - Repel Missiles        Chrm/Air       ######       0%          2    None
w - Spellforged Servitor  Conj/Summ      #######...   1%          7    None
z - Bolt of Magma         Conj/Fire/Erth ########..   0%          5    None


Dungeon Overview and Level Annotations

Branches:
Dungeon (15/15)            Temple (1/1) D:6             Orc (4/4) D:9
    Elf (3/3) Orc:3          Lair (8/8) D:11          Swamp (5/5) Lair:5
 Spider (5/5) Lair:5        Slime (6/6) Lair:7       Vaults (5/5) D:14
  Crypt (3/3) Vaults:3       Tomb (3/3) Crypt:3      Depths (5/5) D:15
   Hell (1/1)                 Dis (7/7) Hell            Geh (7/7) Hell
    Coc (7/7) Hell            Tar (7/7) Hell            Zot (5/5) Depths:5

Altars:
Ashenzari
Cheibriados
Dithmenos
Elyvilon
Fedhas
Kikubaaqudgha
Makhleb
Nemelex Xobeh
Okawaru
Qazlal
Sif Muna
Trog
Vehumet
Xom
Yredelemnul
Zin
The Shining One
Jiyva

Shops:
D:6 =   D:7 %   D:8 *   D:12 ([*%(   Orc:2 :***   Orc:4 :[(*   Elf:1 *
Elf:3 (   Vaults:3 [   Depths:3 [   Depths:5 [

Portals:
Hell: Depths:1 Depths:2 Depths:3 Depths:4 Depths:5
Abyss: Depths:4 Depths:5
Pandemonium: Depths:1 Depths:2 Depths:3 Depths:4

Annotations:
Dis:7 Dispater
Geh:7 Asmodeus
Tar:7 Ereshkigal


Innate Abilities, Weirdness & Mutations

You are resistant to torment.
You are immune to poison.
You can fly continuously.
Your stone body is very resilient (AC +20).
Your wings are large and strong.
You resist negative energy.
You are resistant to electric shocks.
You can survive without breathing.
You are immune to petrification.
You are immune to rotting.
You are partially covered in rugged brown scales (AC +1, +3% HP).
Your spells are a little easier to cast, but a little less powerful.


Message History

The fireball engulfs the electric golem.
The electric golem resists.
The electric golem is destroyed!
The fireball engulfs the iron devil.
The iron devil completely resists.
The fireball engulfs your spellforged servitor.
Your spellforged servitor resists.
Unknown command.
Casting: Blink
Confirm with . or Enter, or press ? or * to list all spells.
You blink.
Your surroundings suddenly seem different.
Found a scale mail and a potion of haste.
An Orb Guardian, an ancient lich and a death cob come into view.
Evoke which item? (* to show all) (? for menu, Esc to quit)
Zapping:
l - a wand of teleportation (3)
Press: ? - help, Shift-Dir - straight line, f - you You feel strangely unstable.
This wand has 2 charges left.
The ancient lich points at you and mumbles some strange words.
The crystal spear hits you!
You die...

... .... .....
▓.%....
▓▓[......
▓▓........
▓..........
▓.@........
▓▓.........
▓▓L......
▓......
▓.....##▓▓▓▓#▓▓
..X.8.8.§*E§L4
.!......§.§.. .
.......?.d.
..........


You could see an ancient lich, an Orb Guardian and a death cob.

Vanquished Creatures
  Antaeus (Coc:7)
  the royal jelly (Slime:6)
  Ignacio (Pan)
  An orb of fire (Zot:1)
  the Serpent of Hell (Coc:7)
  7 pandemonium lords
  7 ancient liches
  26 greater mummies
  A seraph (Pan)
  Boris (Tomb:2)
  3 curse toes
  Norris (Vaults:1)
  Geryon (Hell)
  10 golden dragons
  3 profane servitors
  21 Brimstone Fiends
  5 pearl dragons
  Frederick (Vaults:3)
  Nikola (Swamp:1)
  18 liches
  10 bone dragons
  A hellephant (Pan)
  17 Hell Sentinels
  11 tentacled monstrosities
  31 Ice Fiends
  5 Orb Guardians (Zot:5)
  16 titans
  2 deep elf blademasters (Abyss:3)
  3 deep elf master archers (Elf:3)
  27 Shadow Fiends
  36 Executioners
  2 quicksilver dragons
  An eldritch tentacle (Coc:6)
  The ghost of blami the Tortoise, a mighty MiDK of Yredelemnul (Vaults:1)
  35 acid blobs
  12 sphinxes
  25 tentacled starspawn
  A storm dragon (shapeshifter) (Depths:2)
  17 shadow dragons
  Rupert (Lair:8)
  11 blood saints
  7 ancient champions
  2 thorn hunters
  Frances (Elf:1)
  11 storm dragons
  25 daevas
  8 tengu reavers
  3 draconian monks
  20 azure jellies
  A revenant (Tomb:1)
  9 deep elf sorcerers
  2 orc warlords
  29 fire giants
  3 greater nagas
  Wiglaf (Depths:3)
  18 ghost moths
  5 iron dragons
  15 vault wardens
  7 warmongers
  Louise (Elf:3)
  12 frost giants
  39 cacodemons
  4 draconian knights
  5 draconian zealots
  9 emperor scorpions
  17 ghouls
  45 angels
  45 balrugs
  71 reapers
  8 draconian annihilators
  14 deep elf demonologists
  38 stone giants
  26 very ugly things
  7 war gargoyles
  2 draconian shifters (Zot:2)
  26 ophanim
  8 corrupters
  7 draconian callers
  4 grey draconians
  6 curse skulls
  39 apis
  6 green draconians
  8 vampire knights
  7 salamander firebrands
  9 dire elephants
  6 black draconians
  10 deep elf annihilators
  11 lorocyprocas
  8 yellow draconians
  4 red draconians
  7 pale draconians
  5 chaos champions
  5 mottled draconians
  2 unborn (Tomb:1)
  A white draconian (shapeshifter) (Vaults:5)
  3 eidola
  9 black suns
  5 purple draconians
  4 white draconians
  Snorg (D:14)
  A merfolk javelineer (Zig:20)
  2 spellforged servitors
  24 blizzard demons
  3 quicksilver dragon zombies
  28 ettins
  21 green deaths
  32 vault guards
  27 yaktaur captains
  6 minotaurs
  6 death oozes
  4 crystal guardians
  24 mummy priests
  20 fire dragons
  A merfolk impaler (Zig:20)
  Josephine (Orc:4)
  3 deep elf high priests
  12 ironheart preservers
  9 deep elf death magi
  4 quicksilver dragon skeletons
  A kraken zombie (Hell)
  A death cob (Zot:1)
  15 great orbs of eyes
  Harold (D:13)
  17 hydras
  10 spriggan air magi
  4 jiangshi
  3 naga warriors
  18 ice dragons
  29 monstrous demonspawn
  8 rakshasas
  2 shambling mangroves
  2 ghost crabs (shapeshifter)
  14 deep troll earth magi
  2 ravenous item mimics (Vaults:5)
  Erica (Lair:1)
  3 merfolk aquamancers (Zig:20)
  2 ghost crabs
  19 ogre magi
  2 anacondas
  A spectral stone giant (Tomb:1)
  6 dancing weapons
  7 centaur warriors
  26 death yaks
  2 tengu warriors
  13 alligators
  10 titan zombies
  3 spriggan berserkers
  10 deep troll shamans
  30 hell hogs
  A spectral dire elephant (Tomb:1)
  6 vampire magi
  Urug (D:12)
  38 hell knights
  2 shock serpents (shapeshifter)
  31 thrashing horrors
  2 fire crabs (shapeshifter) (Depths:5)
  3 shock serpents
  2 naga sharpshooters
  An orc high priest (Orc:4)
  7 storm dragon zombies
  3 iron golems
  Nergalle (Orc:3)
  49 sun demons
  3 catoblepae
  14 deep elf knights
  5 titan skeletons
  13 wretched stars
  44 ice devils
  5 storm dragon skeletons
  4 fire crabs
  2 death drakes
  49 soul eaters
  29 deep trolls
  14 iron trolls
  6 golden dragon zombies
  A sea snake (shapeshifter) (Depths:4)
  2 spriggan druids
  4 spatial maelstroms
  18 cherubim (Pan)
  A death drake (shapeshifter) (Depths:4)
  97 large abominations
  9 infernal demonspawn (Pan)
  104 skeletal warriors
  10 ironbrand convokers
  14 anaconda zombies
  14 flayed ghosts
  16 shadow wraiths
  2 swamp dragons (shapeshifter)
  6 shadow dragon zombies
  4 ghost moth zombies
  10 deep elf summoners
  11 giant orange brains
  30 orb spiders
  22 torturous demonspawn
  A naga ritualist (Zig:9)
  3 spectral hydras (Swamp:5)
  20 hill giants
  6 swamp dragons
  A silver statue (Zig:9)
  18 putrid demonspawn (Pan)
  29 shadow demons
  59 starcursed masses
  18 gelid demonspawn (Pan)
  8 unseen horrors
  5 anaconda skeletons
  3 golden dragon skeletons
  4 orc sorcerers
  A spectral ettin (Tomb:2)
  4 griffons
  63 hellions
  9 cyclopes
  A mana viper (Zig:9)
  8 iron dragon zombies
  27 necromancers
  9 wizards
  3 harpies (Vaults:3)
  A red wasp (shapeshifter) (Depths:2)
  13 orc knights
  6 frost giant zombies
  A water nymph (Abyss:3)
  4 fire giant zombies
  72 ugly things
  11 red wasps
  44 wolf spiders
  A draconian zombie (Zot:2)
  19 deep elf conjurers
  9 stone giant zombies
  9 wolf spider zombies
  4 salamanders
  6 manticores
  7 shining eyes
  2 deathcaps (Zot:1)
  2 hell hog zombies (Geh:3)
  7 shadow dragon skeletons
  10 hell beasts
  10 oklob plants
  4 tengu skeletons
  A manticore (shapeshifter) (D:15)
  An octopode (shapeshifter) (Vaults:1)
  5 fire giant skeletons
  11 stone giant skeletons
  18 phantasmal warriors
  5 dire elephant zombies
  7 frost giant skeletons
  4 guardian serpents
  19 vault sentinels
  7 human skeletons
  20 moths of wrath
  A shock serpent zombie (Tar:4)
  54 tormentors
  4 spriggan zombies
  8 apocalypse crabs
  A guardian serpent (shapeshifter) (Abyss:3)
  48 sixfirhies
  8 iron dragon skeletons
  An elephant (Abyss:3)
  A storm dragon simulacrum (Vaults:3)
  9 black mambas
  5 eyes of devastation
  16 efreet
  6 worldbinders (Abyss:3)
  46 iron devils
  The ghost of trelanon the Basher, an experienced VSFi of Okawaru (D:6)
  4 molten gargoyles
  73 smoke demons
  12 torpor snails
  A queen ant (Spider:1)
  3 shock serpent skeletons
  Psyche (Orc:1)
  A white draconian zombie (Zot:2)
  An alligator snapping turtle zombie (Crypt:2)
  A naga mage (Zig:9)
  7 swamp worm zombies (Swamp:5)
  A green draconian zombie (Zot:2)
  35 spiny frogs
  A spriggan skeleton (Zig:10)
  A komodo dragon (shapeshifter) (Abyss:3)
  7 dire elephant skeletons
  2 purple draconian zombies
  4 tengu conjurers
  3 gargoyles
  82 orange demons
  3 golden dragon simulacra
  74 red devils
  10 komodo dragons
  77 yaktaurs
  4 anaconda simulacra (IceCv)
  4 silent spectres
  A fire drake (shapeshifter) (Vaults:3)
  2 harpy zombies
  73 hellwings
  8 trolls
  4 wandering mushrooms (Zot:1)
  A ghoul skeleton (Zig:14)
  A white draconian skeleton (Crypt:1)
  88 guardian mummies
  A shadow dragon simulacrum (Abyss:3)
  13 hydra zombies
  35 jumping spiders
  9 fire drakes
  13 ancient zymes
  A queen bee (Spider:2)
  27 demonic crawlers
  2 polar bears (shapeshifter)
  A merfolk (shapeshifter) (Vaults:5)
  6 giant leeches
  3 jumping spiders (shapeshifter)
  A wind drake (shapeshifter) (Vaults:5)
  10 fire vortices
  2 wind drakes (Zot:4)
  A moth of wrath zombie (Zot:2)
  45 freezing wraiths
  A harpy skeleton (D:14)
  A troll (shapeshifter) (D:14)
  9 deep elf priests
  2 polar bears
  31 blue devils
  A tengu simulacrum (Zig:14)
  8 baby alligators
  8 hydra skeletons
  39 two-headed ogres
  A catoblepas zombie (Dis:3)
  114 slime creatures
  16 bog bodies
  A frost giant simulacrum (Depths:3)
  7 ettin zombies
  7 fire dragon zombies
  2 catoblepas skeletons
  24 ravens
  2 spectral swamp dragons (Swamp:5)
  A minotaur skeleton (Pan)
  A queen bee (shapeshifter) (Abyss:3)
  32 blink frogs
  6 ice dragon zombies
  A guardian serpent zombie (Crypt:2)
  28 raiju
  10 alligator zombies
  A spriggan (shapeshifter) (D:14)
  A baby alligator (shapeshifter) (Vaults:5)
  2 basilisks
  A fire giant simulacrum (Vaults:3)
  14 boulder beetles
  2 ugly thing zombies (Depths:3)
  A griffon skeleton (D:12)
  69 shadows
  2 fire dragon skeletons
  54 wraiths
  170 flying skulls
  45 tarantellas
  31 trapdoor spiders
  2 dire elephant simulacra (IceCv)
  2 wyverns
  An alligator skeleton (Coc:1)
  3 black mamba skeletons
  28 deep elf magi
  2 black mamba zombies
  67 redbacks
  6 ettin skeletons
  9 water elementals
  3 fire bats
  3 air elementals (Depths:5)
  12 fire elementals
  A hog (Volcano)
  2 ice dragon skeletons
  21 vampires
  8 elf zombies
  Eustachio (D:4)
  33 yaks
  4 hippogriffs
  6 spriggans
  4 soldier ants (Spider:1)
  36 neqoxecs
  48 ynoxinuls
  25 deep elf fighters
  25 golden eyes
  4 wargs
  14 wolves
  A death yak simulacrum (IceCv)
  2 hill giant skeletons (D:14)
  28 swamp worms
  A warg (shapeshifter) (Vaults:5)
  19 chaos spawn
  3 hydra simulacra
  34 vampire mosquitoes
  2 mottled dragons
  7 spatial vortices
  An infernal demonspawn zombie (Crypt:1)
  A merfolk zombie (Geh:5)
  7 tengu zombies
  13 porcupines
  13 hungry ghosts
  11 spiny frog zombies
  A mottled dragon (shapeshifter) (Vaults:1)
  3 harpy simulacra (IceCv)
  6 sky beasts
  2 iron troll simulacra (IceCv)
  49 small abominations
  37 water moccasins
  A naga (Zig:9)
  58 hell hounds
  58 orc warriors
  3 black bears
  19 swamp drakes
  3 alligator simulacra
  16 centaurs
  A deep dwarf (shapeshifter) (Depths:4)
  60 ogres
  4 spiny frog skeletons
  An ettin simulacrum (IceCv)
  9 human zombies
  28 necrophages
  26 spiders
  4 snapping turtle zombies
  11 yellow wasps
  2 manticore zombies
  14 phantoms
  5 boggarts
  3 boring beetles
  13 ice beasts
  3 swamp dragon zombies (Swamp:5)
  6 snapping turtle skeletons
  20 crocodiles
  5 elf skeletons
  A manticore skeleton (Crypt:1)
  A fire dragon simulacrum (Tomb:3)
  A swamp dragon skeleton (Tar:7)
  A fire drake skeleton (Crypt:2)
  7 lost souls
  34 giant frogs
  4 big kobolds
  3 brain worms
  A brain worm (shapeshifter) (Vaults:1)
  3 gnoll sergeants
  A draconian skeleton (Crypt:1)
  15 insubstantial wisps
  A warg zombie (Crypt:1)
  2 yaktaur skeletons
  An elephant simulacrum (IceCv)
  A glowing shapeshifter simulacrum (Zig:14)
  A manticore simulacrum (Tomb:2)
  21 eyes of draining
  11 scorpions
  38 killer bees
  A troll skeleton (Abyss:1)
  86 wights
  A swamp dragon simulacrum (Tomb:3)
  4 goliath beetles
  14 electric eels
  A centaur zombie (D:7)
  26 iron imps
  8 quasits
  A two-headed ogre zombie (Depths:1)
  21 crimson imps
  31 orc priests
  4 draconian simulacra (IceCv)
  16 hounds
  Crazy Yiuf (D:2)
  55 jellies
  2 giant frog skeletons
  12 worker ants
  30 orc wizards
  11 iguanas
  2 lightning spires (Pan)
  4 orange rats
  2 spriggan simulacra (IceCv)
  4 troll simulacra (IceCv)
  7 sheep
  A crocodile skeleton (D:11)
  2 ogre zombies
  A naga skeleton (Crypt:3)
  2 ogre skeletons
  2 hound skeletons
  60 mummies
  A worker ant zombie (D:9)
  18 gnolls
  23 adders
  3 orc zombies
  A scorpion zombie (Crypt:1)
  34 green rats
  A naga simulacrum (IceCv)
  17 shadow imps
  An ogre simulacrum (IceCv)
  A swamp drake zombie (Swamp:5)
  39 white imps
  2 worms (D:2)
  2 giant mites
  64 ufetubi
  2 adder zombies
  An orc simulacrum (Orc:4)
  A sheep zombie (Crypt:2)
  2 adder skeletons
  3 giant eyeballs (Pan)
  7 giant geckos
  3 oozes
  179 orcs
  A ball python (D:7)
  8 giant cockroaches
  20 hobgoblins
  7 jackals
  35 kobolds
  2 ball python skeletons
  12 bats
  8 giant newts
  3 giant spores
  24 goblins
  A goblin skeleton (Crypt:2)
  2 hobgoblin skeletons
  A jackal skeleton (Crypt:1)
  A jackal zombie (D:6)
  2 kobold skeletons
  4 lurking horrors
  3 orc skeletons
  16 quokkas
  15 rats
  A rat zombie (D:7)
  A spectral hobgoblin (Crypt:1)
  23 ballistomycetes
  3 bushes
  4 butterflies (Pan)
  An eldritch tentacle segment (Tar:7)
  23 fungi
  5 grand avatars (Pan)
  11 plants
  14 starspawn tentacles
  A starspawn tentacle segment (Abyss:3)
  2 tentacles (Hell)
  A tentacle segment (Hell)
6846 creatures vanquished.

Vanquished Creatures (collateral kills)
  Gloorx Vloq (Pan)
  Lom Lobon (Pan)
  An ancient lich (Zot:5)
  3 pandemonium lords (Pan)
  3 greater mummies (Tomb:3)
  A bone dragon (Tar:7)
  An electric golem (Zot:5)
  A pearl dragon (Zig:11)
  A Hell Sentinel (Dis:7)
  An Orb Guardian (Zot:5)
  A lich (Tar:7)
  4 Ice Fiends
  3 Shadow Fiends
  A storm dragon (Zot:5)
  10 Executioners (Pan)
  An eldritch tentacle (Tar:7)
  A shadow dragon (Tar:7)
  6 daevas (Pan)
  A greater naga (Zig:20)
  A revenant (Zig:14)
  3 chaos champions (Pan)
  5 iron dragons (Dis:7)
  11 cacodemons
  A draconian scorcher (Zot:2)
  8 reapers
  4 blood saints (Pan)
  4 warmongers (Pan)
  5 angels (Pan)
  12 balrugs (Pan)
  4 ophanim
  A grey draconian (Zot:2)
  A vampire knight (Tar:7)
  11 apis (Pan)
  A draconian shifter (Zot:2)
  A salamander firebrand (Geh:1)
  2 lorocyprocas (Pan)
  A dire elephant (Depths:1)
  4 green draconians (Zot:2)
  A white draconian (Zot:2)
  2 deep elf annihilators
  5 black suns (Pan)
  A pale draconian (Zot:2)
  13 blizzard demons
  A fire dragon (Zot:2)
  3 spellforged servitors
  2 deep elf death magi (Zig:14)
  7 green deaths (Pan)
  3 rakshasas (Pan)
  A mummy priest (Tomb:3)
  2 slime creatures (Zig:21)
  A death cob (Zot:5)
  5 ice dragons
  A quicksilver dragon skeleton (Coc:3)
  A spectral shadow dragon (Zig:14)
  12 monstrous demonspawn (Pan)
  A shambling mangrove (Swamp:3)
  5 death yaks (Depths:1)
  2 titan zombies (Dis:7)
  A vampire mage (Tar:7)
  2 hell hogs
  20 sun demons
  12 soul eaters
  19 skeletal warriors
  7 iron trolls
  A deep troll (Zot:1)
  A hell knight (Dis:5)
  4 hell beasts (Pan)
  A golden dragon zombie (Coc:7)
  3 storm dragon skeletons
  8 orb spiders
  12 ice devils
  2 shadow demons (Pan)
  3 anaconda zombies
  2 gelid demonspawn (Pan)
  9 cherubim (Pan)
  15 large abominations
  5 putrid demonspawn (Pan)
  3 infernal demonspawn (Pan)
  5 torturous demonspawn (Pan)
  A shadow dragon zombie (Coc:3)
  A wolf spider zombie (Dis:7)
  A deathcap (Zot:1)
  2 anaconda skeletons
  A hellion (Tar:7)
  A deep elf conjurer (Depths:2)
  2 salamanders (Geh:1)
  A stone giant zombie (Dis:5)
  2 ugly things
  2 shadow dragon skeletons
  A wizard (Pan)
  2 phantasmal warriors
  2 fire giant zombies
  3 iron dragon skeletons
  19 sixfirhies (Pan)
  A frost giant skeleton (Coc:7)
  A black mamba (Lair:5)
  3 fire giant skeletons
  A stone giant skeleton (Coc:3)
  16 orange demons (Pan)
  A shock serpent zombie (Dis:7)
  19 smoke demons
  4 efreet (Pan)
  A guardian serpent (Zig:20)
  A spiny frog (Lair:8)
  3 tormentors
  An anaconda simulacrum (Coc:2)
  A red draconian zombie (Zot:5)
  A dire elephant skeleton (Tar:7)
  6 iron devils
  An emperor scorpion zombie (Coc:1)
  6 demonic crawlers
  A guardian mummy (Tomb:3)
  A silent spectre (Zig:14)
  9 hydra zombies
  8 freezing wraiths
  23 hellwings
  27 red devils
  8 blue devils
  A troll (Zot:1)
  A merfolk (Zig:20)
  2 two-headed ogres (Zot:1)
  2 ettin zombies
  2 spectral swamp dragons (Swamp:5)
  5 hydra skeletons
  4 alligator zombies
  An ice dragon zombie (Coc:1)
  10 flying skulls
  3 trapdoor spiders (Zig:19)
  6 ynoxinuls (Pan)
  An ettin skeleton (Crypt:3)
  2 fire dragon zombies
  An ice dragon skeleton (Geh:7)
  3 fire dragon skeletons
  A wraith (Dis:7)
  A vampire (Coc:1)
  3 water elementals
  5 yaks (Lair:8)
  A hungry ghost (Tar:7)
  A black mamba skeleton (Coc:7)
  8 shadows
  2 fire elementals
  A golden eye (Pan)
  2 vampire mosquitoes (Dis:7)
  7 neqoxecs
  A chaos spawn (Pan)
  9 hell hounds
  3 spiny frog zombies
  A small abomination (Abyss:3)
  4 orc warriors
  A swamp dragon zombie (Coc:7)
  A manticore zombie (Dis:7)
  2 phantoms (Swamp:5)
  2 snapping turtle zombies
  A manticore skeleton (Coc:4)
  A necrophage (Coc:3)
  A hell hound zombie (Geh:3)
  An eye of draining (Pan)
  A killer bee (D:10)
  10 wights
  A crimson imp (Pan)
  4 starcursed masses
  7 jellies (Zig:21)
  An orc priest (Orc:1)
  An iron imp (Dis:4)
  A lightning spire (Pan)
  An ogre zombie (Coc:6)
  3 mummies
  A green rat (Lair:1)
  6 white imps
  10 ufetubi
  An orc (Orc:1)
  A grand avatar (Pan)
664 creatures vanquished.

Vanquished Creatures (others)
  4 eldritch tentacles
  2 blood saints (Pan)
  A ghoul (Tar:7)
  2 stone giants
  57 spellforged servitors
  A black sun (Pan)
  A yaktaur captain (Vaults:3)
  An ironheart preserver (Vaults:3)
  A titan skeleton (Geh:1)
  An iron troll (Dis:7)
  11 ball lightnings (Pan)
  A large abomination (Abyss:3)
  A hellion (Pan)
  An anaconda skeleton (Tomb:2)
  A wolf spider (Zot:5)
  2 sixfirhies
  2 moths of wrath (Zot:1)
  A smoke demon (Pan)
  A frost giant skeleton (Geh:7)
  A human skeleton (Vaults:3)
  3 flying skulls
  An orange demon (Pan)
  A dire elephant skeleton (Geh:2)
  A demonic crawler (Pan)
  A guardian mummy (Tomb:2)
  11 air elementals
  A jumping spider (Tar:7)
  61 fire elementals
  A hellwing (Pan)
  687 fire vortices
  2 human zombies
  A vampire (Geh:1)
  6 redbacks
  2 ynoxinuls (Pan)
  6 trapdoor spiders
  An ettin skeleton (Tomb:2)
  A golden eye (shapeshifter) (D:14)
  A neqoxec (Pan)
  A deep elf fighter (Elf:1)
  5 vampire mosquitoes (Dis:7)
  2 small abominations (Abyss:3)
  A sky beast (Abyss:3)
  An ogre (Zot:1)
  A spiny frog skeleton (Tomb:2)
  8 lost souls
  A crimson imp (Abyss:3)
  4 wights (Geh:1)
  A naga skeleton (Geh:1)
  A mummy (Tomb:2)
  A white imp (IceCv)
  2 shadow imps
  An ufetubus (Zig:16)
  An orc (Orc:1)
  A giant spore (D:10)
  A lurking horror (Abyss:3)
  A quokka (D:14)
  328 eldritch tentacle segments
  37 fungi
  14 plants
  40 starspawn tentacles
  258 starspawn tentacle segments
  13 tentacles
  112 tentacle segments
1717 creatures vanquished.

Grand Total: 9227 creatures vanquished

Notes
Turn   | Place    | Note
--------------------------------------------------------------
     0 | D:1      | bullock, the Gargoyle Wizard, began the quest for the Orb.
     0 | D:1      | Reached XP level 1. HP: 10/10 MP: 4/4
   318 | D:1      | Reached XP level 2. HP: 15/15 MP: 0/6
   378 | D:1      | Learned a level 2 spell: Blink
   381 | D:1      | Learned a level 2 spell: Repel Missiles
  1022 | D:2      | Reached XP level 3. HP: 10/19 MP: 0/8
  1115 | D:2      | Learned a level 3 spell: Conjure Flame
  1402 | D:2      | Noticed Crazy Yiuf
  1450 | D:2      | Killed Crazy Yiuf
  1450 | D:2      | Reached XP level 4. HP: 20/24 MP: 0/10
  1719 | D:2      | Reached skill level 4 in Conjurations
  1884 | D:2      | Found a white marble altar of Elyvilon.
  1928 | D:2      | Reached XP level 5. HP: 28/28 MP: 8/11
  1933 | D:2      | Learned a level 3 spell: Mephitic Cloud
  2840 | D:3      | Reached skill level 5 in Conjurations
  3368 | D:4      | Reached XP level 6. HP: 32/32 MP: 6/15
  3485 | D:4      | Reached skill level 1 in Translocations
  3603 | D:4      | Noticed Eustachio
  3628 | D:4      | Killed Eustachio
  3805 | D:4      | Found a bloodstained altar of Trog.
  4002 | D:5      | Entered Level 5 of the Dungeon
  4149 | D:4      | Reached skill level 6 in Conjurations
  4149 | D:4      | Reached XP level 7. HP: 29/36 MP: 6/17
  4420 | D:5      | Found an ancient bone altar of Kikubaaqudgha.
  4691 | D:5      | Reached skill level 7 in Conjurations
  4823 | D:5      | Reached XP level 8. HP: 37/41 MP: 11/19
  5078 | D:6      | Found a staircase to the Ecumenical Temple.
  5333 | D:5      | Reached skill level 5 in Spellcasting
  5868 | D:6      | Noticed trelanon's ghost (experienced VSFi)
  5878 | D:6      | Killed trelanon's ghost
  5878 | D:6      | Reached skill level 8 in Conjurations
  5878 | D:6      | Reached skill level 5 in Translocations
  6028 | D:6      | Reached XP level 9. HP: 26/45 MP: 2/21
  6408 | Temple   | Entered the Ecumenical Temple
  6577 | Temple   | Became a worshipper of Vehumet
  6607 | D:6      | Found Veif's Jewellery Shop.
  6865 | D:6      | Reached skill level 1 in Evocations
  7227 | D:7      | Reached skill level 1 in Fighting
  7227 | D:7      | Reached skill level 9 in Conjurations
  7353 | D:7      | Found a burning altar of Makhleb.
  7761 | D:7      | Found a shimmering altar of Xom.
  7786 | D:7      | Acquired Vehumet's first power
  7786 | D:7      | Offered knowledge of Sting by Vehumet.
  8256 | D:7      | Found Klyas' Food Shoppe.
  8555 | D:8      | Found Yttumit's General Store.
  8572 | D:8      | Bought a potion of mutation for 25 gold pieces
  8572 | D:8      | Bought a scroll of remove curse for 30 gold pieces
  8572 | D:8      | Bought a scroll of identify for 20 gold pieces
  8572 | D:8      | Bought a potion of might for 25 gold pieces
  8572 | D:8      | Bought a scroll of magic mapping for 35 gold pieces
  8626 | D:8      | Learned a level 5 spell: Force Lance
  8804 | D:8      | Reached skill level 1 in Shields
  8811 | D:8      | Reached skill level 10 in Conjurations
  8811 | D:8      | Reached XP level 10. HP: 56/56 MP: 13/24
  9107 | D:8      | Offered knowledge of Searing Ray by Vehumet.
  9131 | D:8      | Found a bloodstained altar of Trog.
  9564 | D:8      | Found a snail-covered altar of Cheibriados.
  9565 | D:8      | Found a basalt altar of Yredelemnul.
  9988 | D:9      | Noticed a manticore
 10002 | D:9      | Killed a manticore
 10056 | D:9      | Noticed a hill giant
 10328 | D:9      | Noticed a centaur warrior
 10362 | D:9      | Killed a centaur warrior
 10362 | D:9      | Reached skill level 1 in Charms
 10713 | D:9      | Offered knowledge of Inner Flame by Vehumet.
 10800 | D:9      | Found a deep blue altar of Sif Muna.
 11177 | D:9      | Reached skill level 5 in Fighting
 11228 | D:9      | Acquired Vehumet's second power
 11247 | D:9      | Found a staircase to the Orcish Mines.
 11640 | D:9      | Killed a hill giant
 11640 | D:9      | Reached XP level 11. HP: 26/64 MP: 7/26
 11907 | D:10     | Entered Level 10 of the Dungeon
 11925 | D:10     | Reached skill level 5 in Evocations
 12042 | D:10     | Noticed a hill giant
 12081 | D:10     | Killed a hill giant
 12081 | D:10     | Reached skill level 11 in Conjurations
 12290 | D:10     | Offered knowledge of Airstrike by Vehumet.
 12501 | D:10     | Learned a level 1 spell: Apportation
 12951 | D:10     | Noticed a hill giant
 12966 | D:10     | Killed a hill giant
 13205 | D:10     | Got an ichor-stained robe
 13711 | D:11     | Acquired Vehumet's third power
 13720 | D:11     | Reached skill level 5 in Charms
 13786 | D:11     | Offered knowledge of Fireball by Vehumet.
 13890 | D:11     | Noticed a hill giant
 13918 | D:11     | Killed a hill giant
 14102 | D:11     | Found a staircase to the Lair.
 14115 | Lair:1   | Entered Level 1 of the Lair of Beasts
 14142 | Lair:1   | Got a pair of encrusted gloves
 14153 | Lair:1   | Identified the +1 pair of gloves "Fussax" {Str-2 Int+3} (You found it on level 1 of the Lair of Beasts)
 14207 | Lair:1   | Found a dark tunnel.
 14212 | Volcano  | Entered a volcano
 14585 | Volcano  | Identified the +3 robe of Velo {rF+ MR++ Dex-2} (You found it on level 10 of the Dungeon)
 14898 | Lair:1   | Reached XP level 12. HP: 71/71 MP: 25/28
 15245 | Lair:1   | Noticed Erica
 15264 | Lair:1   | Killed Erica
 15383 | Lair:1   | Offered knowledge of Ignite Poison by Vehumet.
 16128 | Lair:2   | Noticed a five-headed hydra
 16135 | Lair:2   | Killed a five-headed hydra
 16462 | Lair:2   | Found a shattered altar of Ashenzari.
 16880 | Lair:2   | Got a dazzling chain mail
 16941 | Lair:1   | Got a warped mace
 16942 | Lair:1   | Identified the +6 mace "Shruyhoqu" {crush, rF++} (You found it on level 1 of the Lair of Beasts)
 17753 | Lair:3   | Reached skill level 12 in Conjurations
 17992 | Lair:2   | Learned a level 3 spell: Regeneration
 18004 | Lair:2   | Learned a level 6 spell: Bolt of Fire
 18011 | Lair:2   | Learned a level 6 spell: Haste
 18563 | Lair:4   | Reached skill level 1 in Fire Magic
 20065 | Lair:5   | Found a hole to the Spider Nest.
 20239 | Lair:5   | Reached XP level 13. HP: 75/78 MP: 22/29
 20814 | Lair:5   | Noticed an ice dragon
 20821 | Lair:5   | Killed an ice dragon
 21292 | Lair:5   | Found a staircase to the Swamp.
 22289 | Lair:6   | Offered knowledge of Bolt of Magma by Vehumet.
 22454 | Lair:6   | Reached skill level 5 in Fire Magic
 23685 | Lair:7   | Found a viscous altar of Jiyva.
 23685 | Lair:7   | Found a staircase to the Slime Pits.
 23835 | Lair:7   | Reached skill level 10 in Charms
 24828 | Lair:8   | Entered Level 8 of the Lair of Beasts
 24882 | Lair:8   | Reached skill level 13 in Conjurations
 24935 | Lair:8   | Gained mutation: Your wings are large and strong. [gargoyle growth]
 24935 | Lair:8   | Reached XP level 14. HP: 84/84 MP: 2/31
 25199 | Lair:8   | Offered knowledge of Bolt of Cold by Vehumet.
 26597 | Lair:8   | Noticed Rupert
 26627 | Lair:8   | Killed Rupert
 27795 | Lair:2   | Learned a level 5 spell: Fireball
 27900 | D:11     | Reached skill level 10 in Spellcasting
 28475 | D:12     | Found Zoesch's Assorted Antiques.
 28479 | D:12     | Bought a crystal spear for 288 gold pieces
 28480 | D:12     | Identified the +10 spear of Imbalance {flame, Dex+2} (You bought it in a shop on level 12 of the Dungeon)
 28487 | D:12     | Found Ocuniliu's Food Emporium.
 28492 | D:12     | Noticed Urug
 28496 | D:12     | Killed Urug
 28553 | D:12     | Found Pnauto Psacs' Weapon Shoppe.
 28579 | D:12     | Found a flagged portal.
 28602 | Bailey   | Entered a bailey
 29455 | D:12     | Found Brem's Armour Shop.
 29489 | D:12     | Found Fizoatt's Antique Weapon Emporium.
 29493 | D:12     | Bought a pitted spear for 304 gold pieces
 29494 | D:12     | Identified the cursed -1 spear "Hyr Esox" {pierce, rElec MR++} (You bought it in a shop on level 12 of the Dungeon)
 29924 | D:13     | Offered knowledge of Orb of Destruction by Vehumet.
 29936 | D:13     | Reached XP level 15. HP: 88/88 MP: 3/33
 30192 | D:13     | Reached skill level 14 in Conjurations
 30226 | D:13     | Noticed Harold
 30432 | D:13     | Reached skill level 10 in Fire Magic
 30744 | D:13     | Killed Harold
 31043 | D:14     | Noticed Snorg
 31048 | D:14     | Killed Snorg
 31367 | D:14     | Found a white marble altar of Elyvilon.
 32579 | D:14     | Found a gate to the Vaults.
 32723 | D:14     | Offered knowledge of Poisonous Cloud by Vehumet.
 32896 | D:15     | Entered Level 15 of the Dungeon
 33932 | D:15     | Found a staircase to the Depths.
 34597 | Orc:1    | Entered Level 1 of the Orcish Mines
 34721 | Orc:1    | Noticed Psyche
 34723 | Orc:1    | Killed Psyche
 35178 | Orc:2    | Found a burning altar of Makhleb.
 35223 | Orc:2    | Found Foeshusu's Assorted Antiques.
 35235 | Orc:2    | Offered knowledge of Delayed Fireball by Vehumet.
 35242 | Orc:2    | Bought a scroll labeled WUVVAAM PHUO for 34 gold pieces
 35242 | Orc:2    | Bought 2 murky silvery potions for 61 gold pieces
 35242 | Orc:2    | Bought an emulsified brown potion for 30 gold pieces
 35351 | Orc:2    | Found Stioxzi's Book Emporium.
 35798 | Orc:3    | Found a staircase to the Elven Halls.
 36125 | Orc:3    | Noticed Nergalle
 36130 | Orc:3    | Killed Nergalle
 36508 | Orc:4    | Entered Level 4 of the Orcish Mines
 36526 | Orc:4    | Found Cairah's Book Shoppe.
 36737 | Orc:4    | Found Kacapus' Antique Weapon Shop.
 36745 | Orc:4    | Bought a crystal mace for 272 gold pieces
 36746 | Orc:4    | Identified the +5 mace of Descent {flame, +Inv} (You bought it in a shop on level 4 of the Orcish Mines)
 36901 | Orc:4    | Reached XP level 16. HP: 93/93 MP: 10/34
 36928 | Orc:4    | Offered knowledge of Freezing Cloud by Vehumet.
 37593 | Orc:4    | Found Strigh's Antique Armour Shoppe.
 37607 | Orc:4    | Bought a heavily runed ring mail for 207 gold pieces
 37618 | Orc:4    | Identified the +4 ring mail of Sin {Str+3 Int+3} (You bought it in a shop on level 4 of the Orcish Mines)
 37898 | Orc:4    | Found Triamoew's General Store.
 37911 | Orc:4    | Reached skill level 15 in Conjurations
 38019 | Orc:4    | Bought a scroll of identify for 24 gold pieces
 38332 | Orc:4    | Noticed Josephine
 38334 | Orc:4    | Killed Josephine
 38655 | Orc:2    | Found Nirucaxued's Assorted Antiques.
 38669 | Orc:2    | Found Prix Ong's General Store.
 38682 | Orc:2    | Bought a scroll of identify for 24 gold pieces
 39052 | Spider:1 | Entered Level 1 of the Spider Nest
 40110 | Spider:1 | Reached skill level 1 in Necromancy
 40119 | Spider:1 | Offered knowledge of Fire Storm by Vehumet.
 40119 | Spider:1 | Offered knowledge of Glaciate by Vehumet.
 40119 | Spider:1 | Offered knowledge of Chain Lightning by Vehumet.
 42924 | Spider:3 | Found a frozen archway.
 43010 | IceCv    | Entered an ice cave
 43580 | IceCv    | Noticed trelanon's ghost (mighty VSFi)
 43602 | IceCv    | Noticed an Ice Fiend
 43608 | IceCv    | Reached XP level 17. HP: 76/100 MP: 4/36
 43623 | IceCv    | Killed an Ice Fiend
 43840 | IceCv    | Got a pair of shimmering gloves
 43851 | IceCv    | Identified the -7 pair of gloves of Hyerghid {Slay-3} (You found it in an ice cave)
 43878 | IceCv    | Got a tattered robe
 43889 | IceCv    | Identified the cursed -1 robe of Jyrecsey {Dex+1 Int-1} (You found it in an ice cave)
 45255 | Spider:4 | Noticed Mara
 45274 | Spider:5 | Entered Level 5 of the Spider Nest
 45651 | Spider:5 | Got a jewelled mace
 45652 | Spider:5 | Identified the +3 mace of the Hummingbird {holy, Dex+4} (You found it on level 5 of the Spider Nest)
 46400 | Spider:5 | Reached skill level 16 in Conjurations
 47733 | Spider:5 | Reached skill level 10 in Fighting
 51013 | Spider:5 | Reached skill level 5 in Necromancy
 51296 | Spider:5 | Reached XP level 18. HP: 73/108 MP: 1/37
 51487 | Spider:5 | Got a gossamer rune of Zot
 52443 | Swamp:1  | Entered Level 1 of the Swamp
 52515 | Swamp:1  | Noticed Nikola
 52521 | Swamp:1  | Killed Nikola
 53025 | Swamp:1  | Reached skill level 10 in Evocations
 55452 | Swamp:3  | Noticed a tentacled monstrosity
 55504 | Swamp:3  | Killed a tentacled monstrosity
 57208 | Swamp:4  | Reached skill level 17 in Conjurations
 57771 | Swamp:5  | Entered Level 5 of the Swamp
 58387 | Swamp:5  | Reached XP level 19. HP: 116/116 MP: 22/38
 59026 | Swamp:5  | Noticed a bone dragon
 59475 | Swamp:5  | Reached skill level 15 in Fire Magic
 59559 | Swamp:5  | Got a decaying rune of Zot
 60246 | Lair:2   | Gained mutation: Your spells are a little harder to cast, but a little more powerful. [potion of beneficial mutation]
 60501 | Elf:1    | Entered Level 1 of the Elven Halls
 60681 | Elf:1    | Noticed Frances
 60690 | Elf:1    | Killed Frances
 60862 | Elf:1    | Found a magical portal.
 60867 | WizLab   | Entered Wucad Mu's Monastery
 61422 | Elf:1    | Gained mutation: You can spit poison. [potion of beneficial mutation]
 61836 | Elf:1    | Found Esaate's General Store.
 61853 | Elf:1    | Bought 2 potions of heal wounds for 90 gold pieces
 61853 | Elf:1    | Bought a scroll of blinking for 112 gold pieces
 63151 | Elf:3    | Entered Level 3 of the Elven Halls
 63153 | Elf:3    | Noticed Louise
 63157 | Elf:3    | Killed Louise
 63730 | Elf:3    | Reached XP level 20. HP: 126/126 MP: 17/39
 64146 | Elf:3    | Got an encrusted falchion
 64175 | Elf:3    | Identified the +1 falchion of Xybyrut {slice, rF+ rC+ rN+ MR++} (You found it on level 3 of the Elven Halls)
 64245 | Elf:3    | Got a crude steel ring
 64247 | Elf:3    | Identified the ring "Ownaf" {SustAb Dex-2} (You found it on level 3 of the Elven Halls)
 64253 | Elf:3    | Reached skill level 18 in Conjurations
 64253 | Elf:3    | Reached XP level 21. HP: 130/132 MP: 40/40
 64258 | Elf:3    | Got a pitted flail
 64259 | Elf:3    | Identified the +11 flail of Dried Tears {freeze, rF+ Str+3} (You found it on level 3 of the Elven Halls)
 64284 | Elf:3    | Got an ancient mace
 64285 | Elf:3    | Identified the +7 mace of Ascent {drain, -Tele Str+3} (You found it on level 3 of the Elven Halls)
 64296 | Elf:3    | Got a brightly glowing trident
 64299 | Elf:3    | Identified the +2 trident "Stristeg" {pierce, +Inv} (You found it on level 3 of the Elven Halls)
 64320 | Elf:3    | Identified the Almanac of Congealing Enhancements
 64338 | Elf:3    | Got a scintillating bronze amulet
 64350 | Elf:3    | Identified a +0 rod of inaccuracy (11/11) (You took it off a deep elf death mage on level 3 of the Elven Halls)
 64516 | Elf:3    | Identified the amulet "Hekehik" {Gourm Dex+3 Int+4} (You took it off a deep elf death mage on level 3 of the Elven Halls)
 64609 | Elf:3    | Found Qabocaf's Antique Weapon Shop.
 65074 | Lair:2   | Learned a level 6 spell: Iron Shot
 65082 | Lair:2   | Learned a level 7 spell: Ring of Flames
 65339 | Vaults:1 | Entered Level 1 of the Vaults
 65420 | Vaults:1 | Reached skill level 1 in Earth Magic
 65535 | Vaults:1 | Noticed Norris
 65872 | Vaults:1 | Killed Norris
 66517 | Vaults:1 | Noticed blami's ghost (mighty MiDK)
 66566 | Vaults:1 | Killed blami's ghost
 67370 | Vaults:1 | Found a portal to a secret trove of treasure.
 67763 | Vaults:1 | Reached skill level 5 in Earth Magic
 67776 | Vaults:1 | Reached skill level 15 in Fighting
 68241 | Vaults:1 | Identified the Grimoire of Talismans and Air
 69931 | Vaults:3 | Reached skill level 15 in Spellcasting
 69931 | Vaults:3 | Reached XP level 22. HP: 117/141 MP: 16/41
 70723 | Vaults:3 | Found Addaewk's Antique Armour Emporium.
 70861 | Vaults:3 | Bought a faintly glowing scale mail for 171 gold pieces
 70862 | Vaults:3 | Identified the +0 scale mail of the Quahog {Dex+4 Int-5} (You bought it in a shop on level 3 of the Vaults)
 71110 | Vaults:3 | Noticed Frederick
 71117 | Vaults:3 | Killed Frederick
 71597 | Vaults:3 | Found a staircase to the Crypt.
 71746 | Vaults:3 | Reached skill level 10 in Earth Magic
 72646 | Vaults:4 | Reached skill level 19 in Conjurations
 73378 | Vaults:4 | Reached XP level 23. HP: 117/149 MP: 6/41
 73805 | Vaults:4 | Paralysed by a great orb of eyes for 4 turns
 74321 | Vaults:4 | Learned a level 9 spell: Fire Storm
 74327 | Vaults:5 | Entered Level 5 of the Vaults
 76087 | Vaults:5 | Reached XP level 24. HP: 157/157 MP: 26/42
 76357 | Vaults:5 | Got a silver rune of Zot
 77143 | Vaults:5 | Reached skill level 15 in Earth Magic
 77290 | Vaults:5 | Got a wavering amber ring
 77318 | Vaults:5 | Identified the ring "Abrobi" {rF+ rC+} (You took it off an orc warrior on level 5 of the Vaults)
 77458 | Vaults:5 | Got a smoking robe
 77459 | Vaults:5 | Identified the cursed -3 robe of Claustrophobia {Dex+5 Int-4} (You found it on level 5 of the Vaults)
 77671 | Vaults:5 | Got a faintly humming plate armour
 77672 | Vaults:5 | Identified the cursed +6 plate armour of Negligence {+Rage +Inv +Fly} (You found it on level 5 of the Vaults)
 77809 | Vaults:5 | Reached skill level 20 in Conjurations
 78734 | Depths:1 | Entered Level 1 of the Depths
 79454 | Depths:1 | Found a gateway to Hell.
 80069 | Depths:1 | Identified the Incunabulum of Bewitchment
 80073 | Depths:1 | Got a crude wooden ring
 80136 | Depths:1 | Identified the ring "Urerang" {rElec rPois Dex-2 Slay+4} (You found it on level 1 of the Depths)
 80263 | Depths:1 | Found a one-way gate leading to the halls of Pandemonium.
 81108 | Depths:2 | Reached XP level 25. HP: 139/164 MP: 22/43
 81654 | Depths:2 | Got a faintly glowing scale mail
 81699 | Depths:2 | Noticed an ancient lich
 81705 | Depths:2 | Killed an ancient lich
 82868 | Depths:2 | Identified the +5 scale mail "Xacvaubb" {Slay-2} (You found it on level 2 of the Depths)
 83367 | Depths:3 | Noticed Wiglaf
 83374 | Depths:3 | Killed Wiglaf
 84224 | Depths:3 | Reached XP level 26. HP: 172/172 MP: 20/44
 84258 | Depths:3 | Reached skill level 5 in Shields
 84682 | Depths:3 | Reached skill level 21 in Conjurations
 85197 | Depths:3 | Found Zaankaic's Antique Armour Boutique.
 86543 | Depths:4 | Found a gateway to a ziggurat.
 86821 | Depths:4 | Found a one-way gate to the infinite horrors of the Abyss.
 87999 | Depths:5 | Entered Level 5 of the Depths
 88288 | Depths:5 | Gained mutation: You are partially covered in rugged brown scales (AC +1, +3% HP). [potion of beneficial mutation]
 89034 | Depths:5 | Found Klugywn's Armour Emporium.
 89047 | Depths:5 | Reached XP level 27. HP: 171/184 MP: 30/45
 90188 | Depths:5 | Found a gate to the Realm of Zot.
 91257 | Slime:1  | Entered Level 1 of the Pits of Slime
 91467 | Slime:5  | Reached skill level 10 in Shields
 91561 | Slime:6  | Entered Level 6 of the Pits of Slime
 91730 | Slime:6  | Noticed the royal jelly
 91789 | Slime:5  | Reached skill level 22 in Conjurations
 92481 | Slime:6  | Found a viscous altar of Jiyva.
 92594 | Slime:6  | Killed the royal jelly
 93369 | Lair:2   | Learned a level 5 spell: Lee's Rapid Deconstruction
 93670 | Slime:6  | Got a sparkling ivory ring
 93674 | Slime:6  | Identified the ring "Ujamioje" {rPois Int+4} (You found it on level 6 of the Pits of Slime)
 93686 | Slime:6  | Got a transparent crystal amulet
 93689 | Slime:6  | Identified the amulet "Uvaboawk" {Gourm +Inv rF+ Slay+4} (You found it on level 6 of the Pits of Slime)
 93691 | Slime:6  | Got a slimy rune of Zot
 93693 | Slime:6  | Got an ancient copper ring
 93694 | Slime:6  | Identified the ring "Suikol" {+Inv Dex-4} (You found it on level 6 of the Pits of Slime)
 93942 | Lair:2   | Got a slimy shield
 93943 | Lair:2   | Identified the +7 shield of Twuxzei {Dex+2} (You acquired it on level 2 of the Lair of Beasts)
 94250 | Hell     | Entered the Vestibule of Hell
 94250 | Hell     | Noticed Geryon
 94255 | Hell     | Killed Geryon
 95584 | Hell     | Found a gateway to the ashen valley of Gehenna.
 96455 | Hell     | Found a gateway to the decaying netherworld of Tartarus.
 96799 | Hell     | Found a gateway to the freezing wastes of Cocytus.
 97003 | Hell     | Found a gateway to the Iron City of Dis.
 97409 | Zig:1    | Entered Level 1 of a ziggurat
 97472 | Zig:2    | Entered Level 2 of a ziggurat
 97560 | Zig:2    | Got an iridescent broad axe
 97568 | Zig:2    | Identified the +5 broad axe of Sharkskin {chop, rC+ Dex+1} (You found it on level 2 of a ziggurat)
 97577 | Zig:3    | Entered Level 3 of a ziggurat
 97659 | Zig:3    | Identified the Volume of the Stork
 97728 | Zig:4    | Entered Level 4 of a ziggurat
 97781 | Zig:5    | Entered Level 5 of a ziggurat
 97920 | Zig:6    | Entered Level 6 of a ziggurat
 97999 | Zig:6    | Got a flickering wooden ring
 98026 | Zig:6    | Got a steaming tin amulet
 98047 | Zig:7    | Entered Level 7 of a ziggurat
 98108 | Zig:7    | Got a black opal-encrusted scale mail
 98120 | Zig:8    | Entered Level 8 of a ziggurat
 98154 | Zig:8    | Got a pair of jewelled gloves
 98173 | Zig:8    | Identified the +1 pair of gloves "Clulecuc" {Slay+2} (You found it on level 8 of a ziggurat)
 98186 | Zig:8    | Got a sapphire cutlass
 98190 | Zig:8    | Got a brightly glowing scimitar
 98207 | Zig:8    | Identified the amulet of Elitism {rMut +Fly rElec MR+} (You found it on level 6 of a ziggurat)
 98209 | Zig:8    | Identified the +0 scale mail of Orthodoxy {rElec rC+} (You found it on level 7 of a ziggurat)
 98212 | Zig:8    | Identified the +9 scimitar "Ritizus" {drain, rF+ Stlth+} (You found it on level 8 of a ziggurat)
 98213 | Zig:8    | Identified the +9 cutlass of Midwinter {flame, rN+} (You found it on level 8 of a ziggurat)
 98230 | Zig:9    | Entered Level 9 of a ziggurat
 98626 | Zig:9    | Got a polished plate armour
 98629 | Zig:9    | Identified Xarexyxt's Compendium of Combat Magic and Summoning (You found it on level 9 of a ziggurat)
 98632 | Zig:9    | Identified the Guide on Execration and Good Luck (You found it on level 9 of a ziggurat)
 98645 | Zig:10   | Entered Level 10 of a ziggurat
 98701 | Zig:10   | Identified the Disquisition on the Frostbite (You found it on level 10 of a ziggurat)
 98707 | Zig:10   | Got a crystal giant club
 98794 | Zig:11   | Entered Level 11 of a ziggurat
 98806 | Zig:11   | Reached skill level 23 in Conjurations
 98855 | Zig:11   | Identified the +1 plate armour of Tulips {rF++} (You found it on level 9 of a ziggurat)
 98870 | Zig:11   | Got a crude flail
 98924 | Zig:12   | Entered Level 12 of a ziggurat
 99028 | Zig:12   | Identified Xifudosu's Guide on Air (You found it on level 12 of a ziggurat)
 99031 | Zig:12   | Got a polished shield
 99035 | Zig:12   | Identified the +6 flail of Anxiety {crush, +Fly rElec} (You found it on level 11 of a ziggurat)
 99049 | Zig:12   | Identified the cursed -3 shield of Xongeptad {Dex+2 Int+2} (You found it on level 12 of a ziggurat)
 99052 | Zig:12   | Identified Erufiegra's Volume of Arcane Weapons (You found it on level 12 of a ziggurat)
 99068 | Zig:12   | Identified the cursed ring "Plyeq" {SustAb -Tele rElec rPois Int+2 Slay+6} (You found it on level 6 of a ziggurat)
 99100 | Zig:13   | Entered Level 13 of a ziggurat
 99227 | Zig:13   | Got a twisted scale mail
 99327 | Zig:14   | Entered Level 14 of a ziggurat
 99344 | Zig:14   | Noticed an ancient lich
 99378 | Zig:14   | Killed an ancient lich
 99570 | Zig:14   | Identified the +2 scale mail of Cocytus {rN+} (You found it on level 13 of a ziggurat)
 99600 | Zig:14   | Got a pitted plate armour
 99611 | Zig:14   | Identified the +0 plate armour of the Flute {+Blink +Fly Int+3} (You found it on level 14 of a ziggurat)
 99630 | Zig:14   | Got a flickering steel ring
 99655 | Zig:14   | Got a faintly humming chain mail
 99666 | Zig:14   | Identified the cursed -1 chain mail of the Clouds {Str+3 Dex+2 Int+3} (You found it on level 14 of a ziggurat)
 99700 | Zig:15   | Entered Level 15 of a ziggurat
 99716 | Zig:15   | Noticed Mnamuin the pandemonium lord
 99717 | Zig:15   | Killed Mnamuin the pandemonium lord
 99809 | Zig:15   | Got a warped mace
 99810 | Zig:15   | Identified the +10 mace of Anguish {venom, MR++} (You found it on level 15 of a ziggurat)
 99867 | Zig:16   | Entered Level 16 of a ziggurat
 99881 | Zig:16   | Noticed Kuxif the pandemonium lord
 99883 | Zig:16   | Killed Kuxif the pandemonium lord
100025 | Zig:16   | Got a polished hand axe
100026 | Zig:16   | Identified the +6 hand axe "Souneiro" {drain, +Blink +Fly} (You found it on level 16 of a ziggurat)
100042 | Zig:16   | Got a fine bronze ring
100077 | Zig:17   | Entered Level 17 of a ziggurat
100107 | Zig:17   | Reached skill level 15 in Shields
100231 | Zig:17   | Got a jewelled short sword
100232 | Zig:17   | Identified the +6 short sword of Broxomyst {holy, Str-2} (You found it on level 17 of a ziggurat)
100258 | Zig:17   | Identified the ring of Stroh {+/*Tele SInv} (You found it on level 16 of a ziggurat)
100260 | Zig:17   | Identified the ring "Xaugu" {+Inv Dex+1 Int+3} (You found it on level 14 of a ziggurat)
100270 | Zig:17   | Got a smoking turquoise ring
100272 | Zig:17   | Identified the ring of Claburphe {+/*Tele +Blink rF+ Dex+2} (You found it on level 17 of a ziggurat)
100279 | Zig:18   | Entered Level 18 of a ziggurat
100309 | Zig:18   | Reached skill level 24 in Conjurations
100335 | Zig:18   | Gained mutation: Armour fits poorly on your strangely shaped body. [mutagenic glow]
100454 | Zig:18   | Got a twitching bronze ring
100480 | Zig:18   | Identified the ring of Res Nullius {rElec Slay+4} (You found it on level 18 of a ziggurat)
100487 | Zig:19   | Entered Level 19 of a ziggurat
100815 | Zig:19   | Got a crude golden ring
100820 | Zig:19   | Got a crude war axe
100833 | Zig:19   | Identified the +6 war axe "Murmur" {chop, rF+ rN+ Int-1} (You found it on level 19 of a ziggurat)
100835 | Zig:19   | Identified the cursed ring "Kaima" {Int-3 SInv} (You found it on level 19 of a ziggurat)
100842 | Zig:19   | Got a smoking scale mail
100843 | Zig:19   | Identified the cursed +0 scale mail of Circular Logic {+Blink Stlth+} (You found it on level 19 of a ziggurat)
100851 | Zig:19   | Identified a cursed +2 rod of inaccuracy (14/14) (You found it on level 19 of a ziggurat)
100865 | Zig:20   | Entered Level 20 of a ziggurat
100894 | Zig:20   | Got a faintly glowing iron amulet
100901 | Zig:21   | Entered Level 21 of a ziggurat
101366 | Zig:21   | Identified the amulet "Phosix" {Stasis Str+1 Dex+3} (You found it on level 20 of a ziggurat)
101372 | Zig:21   | Got a brightly glowing plate armour
101387 | Zig:21   | Identified the +3 plate armour of the Slorg {+Rage rN+} (You found it on level 21 of a ziggurat)
101778 | Lair:2   | Got a smoking shield
101789 | Lair:2   | Identified the +4 shield "Ghitsiet" {Str-3 Int-2} (You acquired it on level 2 of the Lair of Beasts)
101803 | Lair:2   | Got an ichor-stained cloak
101814 | Lair:2   | Identified the -4 cloak of Supple Strength {Str+4 Int+2} (You acquired it on level 2 of the Lair of Beasts)
102194 | Depths:4 | Voluntarily entered the Abyss.
102194 | Abyss:1  | Found a corrupted altar of Lugonu.
102253 | Abyss:1  | Found a corrupted altar of Lugonu.
102310 | Abyss:2  | Found a corrupted altar of Lugonu.
102673 | Abyss:2  | Paralysed by accursed screaming for 1 turns
102706 | Abyss:2  | Paralysed by accursed screaming for 1 turns
102740 | Abyss:3  | Found a corrupted altar of Lugonu.
104476 | Abyss:3  | Gained mutation: Your flesh is heat resistant. [a neqoxec]
105527 | Abyss:3  | Found a shimmering altar of Xom.
105769 | Abyss:3  | Found an ancient bone altar of Kikubaaqudgha.
105975 | Abyss:3  | Noticed an ancient lich
105985 | Abyss:3  | Killed an ancient lich
106016 | Abyss:3  | Found a corrupted altar of Lugonu.
106034 | Abyss:3  | Found a corrupted altar of Lugonu.
106054 | Abyss:3  | Reached skill level 25 in Conjurations
106532 | Abyss:3  | Found a basalt altar of Yredelemnul.
106567 | Abyss:3  | Found a shadowy altar of Dithmenos.
106736 | Abyss:3  | Found a corrupted altar of Lugonu.
106870 | Abyss:3  | Got an abyssal rune of Zot
107004 | Abyss:3  | Paralysed by accursed screaming for 1 turns
107008 | Abyss:3  | Paralysed by accursed screaming for 1 turns
107010 | Abyss:3  | Paralysed by accursed screaming for 1 turns
107458 | Abyss:3  | Identified the Compendium of Bewitchment (You found it on level 3 of the Abyss)
107472 | Abyss:3  | Identified Nyusosai's Volume of Talismans (You found it on level 3 of the Abyss)
107474 | Abyss:3  | Identified Cigotuvi's Disquisition on Unholy Magic (You found it on level 3 of the Abyss)
107678 | Abyss:3  | Found a corrupted altar of Lugonu.
107698 | Depths:4 | Escaped the Abyss
107769 | Depths:4 | Got a pair of twisted boots
107780 | Depths:4 | Identified the +2 pair of boots "Gugank" {rN+ Int+2} (You acquired it on level 4 of the Depths)
108169 | Lair:2   | Learned a level 5 spell: Dispel Undead
108923 | Depths:2 | Reached skill level 1 in Armour
109289 | Crypt:1  | Entered Level 1 of the Crypt
110839 | Crypt:3  | Entered Level 3 of the Crypt
110989 | Crypt:3  | Reached skill level 5 in Armour
111288 | Crypt:3  | Reached skill level 5 in Stealth
111310 | Crypt:3  | Found a staircase to the Tomb.
111870 | Crypt:3  | Noticed an ancient lich
111875 | Crypt:3  | Killed an ancient lich
111877 | Crypt:3  | Found a basalt altar of Yredelemnul.
111921 | Crypt:3  | Identified Cigotuvi's Reference Book on Darkness (You found it on level 3 of the Crypt)
111924 | Crypt:3  | Got a faintly glowing steel amulet
111925 | Crypt:3  | Identified the amulet of the Enemy {Gourm rC+} (You found it on level 3 of the Crypt)
112296 | Tomb:1   | Entered Level 1 of the Tomb of the Ancients
112674 | Tomb:1   | Noticed an ancient lich
112675 | Tomb:1   | Gained mutation: You heal slowly when monsters are visible. [a neqoxec]
112679 | Tomb:1   | Killed an ancient lich
112792 | Tomb:1   | Reached skill level 5 in Dodging
113988 | Tomb:2   | Noticed Boris
113992 | Tomb:2   | Killed Boris
114071 | Tomb:1   | Reached skill level 10 in Armour
115545 | Tomb:3   | Entered Level 3 of the Tomb of the Ancients
115847 | Tomb:3   | Reached skill level 26 in Conjurations
116108 | Tomb:3   | Reached skill level 10 in Stealth
116735 | Tomb:3   | Got an ichor-stained cloak
116736 | Tomb:3   | Identified the cursed +0 cloak "Noram" {rN+ Str+2 Slay+3} (You found it on level 3 of the Tomb of the Ancients)
116742 | Tomb:3   | Got a vibrating jade amulet
116743 | Tomb:3   | Identified the amulet "Vegaut" {Spirit +Blink rF+ rC+ Slay-3} (You found it on level 3 of the Tomb of the Ancients)
116752 | Tomb:3   | Identified the Collected Works on Earthen Companions (You found it on level 3 of the Tomb of the Ancients)
116850 | Tomb:3   | Identified the Guide on Protection (You found it on level 3 of the Tomb of the Ancients)
116856 | Tomb:3   | Learned a level 4 spell: Control Teleport
116925 | Tomb:3   | Got an iridescent mace
116928 | Tomb:3   | Identified the cursed +6 mace of Circular Logic {venom, MR+} (You found it on level 3 of the Tomb of the Ancients)
116934 | Tomb:3   | Identified the Catalogue of Companions
116939 | Tomb:3   | Got a crystal hand axe
116940 | Tomb:3   | Identified the +2 hand axe of Integrity {chop, SInv} (You found it on level 3 of the Tomb of the Ancients)
116943 | Tomb:3   | Got a dazzling leather armour
116944 | Tomb:3   | Identified the cursed -5 leather armour of Vozo {Dex+1 Int-4} (You found it on level 3 of the Tomb of the Ancients)
116949 | Tomb:3   | Got a smoking ice dragon armour
116950 | Tomb:3   | Identified the cursed +5 ice dragon armour "Wigatyebb" {rF- rC++ Dex-3 Int+3} (You found it on level 3 of the Tomb of the Ancients)
117007 | Tomb:3   | Lost mutation: Your spells are a little harder to cast, but a little more powerful. [a Zot trap]
117055 | Tomb:3   | Got a golden rune of Zot
118065 | Lair:2   | Learned a level 7 spell: Ring of Flames
118075 | Lair:2   | Learned a level 8 spell: Lehudib's Crystal Spear
118082 | Lair:2   | Learned a level 5 spell: Bolt of Magma
118091 | Lair:2   | Learned a level 7 spell: Spellforged Servitor
118435 | Pan      | Entered Pandemonium
119323 | Pan      | Noticed Wamporan the pandemonium lord
119331 | Pan      | Killed Wamporan the pandemonium lord
119623 | Pan      | Found an exit through the horrors of the Abyss.
120879 | Pan      | Got a polished large shield
120880 | Pan      | Identified the +4 large shield "Biull" {+Blink rN+ Slay+5 Stlth+} (You took it off a daeva in Pandemonium)
121921 | Pan      | Found a glowing silver altar of Zin.
125359 | Pan      | Reached skill level 15 in Armour
126017 | Pan      | Found a white marble altar of Elyvilon.
126700 | Pan      | Found a glowing golden altar of the Shining One.
126715 | Pan      | Got a demonic rune of Zot
126789 | Pan      | Got a heavily runed large shield
126800 | Pan      | Identified the +8 large shield "Qeamorph" {Str+2 Int+2} (You took it off a daeva in Pandemonium)
127107 | Pan      | Noticed Alojemed the pandemonium lord
127109 | Pan      | Killed Alojemed the pandemonium lord
127200 | Pan      | Got a shimmering tin ring
127212 | Pan      | Got a wavering platinum ring
127251 | Pan      | Found an exit through the horrors of the Abyss.
128046 | Pan      | Found an exit through the horrors of the Abyss.
128243 | Pan      | Gained mutation: Your body is slowly deteriorating. [a cacodemon]
128331 | Pan      | Noticed Etohik the pandemonium lord
128362 | Pan      | Paralysed by a giant eyeball for 2 turns
128368 | Pan      | Killed Etohik the pandemonium lord
128644 | Pan      | Identified the ring "Seraf" {Ice Slay+4} (You found it in Pandemonium)
128648 | Pan      | Identified the ring of Trest {MR+ Str+5} (You found it in Pandemonium)
128753 | Pan      | Gained mutation: Your spells are a little easier to cast, but a little less powerful. [a cacodemon]
128796 | Pan      | Reached skill level 27 in Conjurations
128995 | Pan      | Got a dazzling flail
128997 | Pan      | Identified the +11 flail of the Throat {holy, rElec Dex+3} (You found it in Pandemonium)
129455 | Pan      | Found an exit through the horrors of the Abyss.
130085 | Pan      | Gained mutation: Your spells are easier to cast, but less powerful. [a cacodemon]
130555 | Pan      | Entered the realm of Lom Lobon.
130615 | Pan      | Found an exit through the horrors of the Abyss.
131702 | Pan      | Noticed Lom Lobon
131755 | Pan      | Killed Lom Lobon
131919 | Pan      | Got a magical rune of Zot
132345 | Pan      | Entered the realm of Gloorx Vloq.
132601 | Pan      | Noticed Ignacio
132611 | Pan      | Killed Ignacio
132755 | Pan      | Found an exit through the horrors of the Abyss.
132765 | Pan      | Found a burning altar of Makhleb.
133606 | Pan      | Noticed Gloorx Vloq
134111 | Pan      | Killed Gloorx Vloq
134347 | Pan      | Got a dark rune of Zot
134550 | Pan      | Found an exit through the horrors of the Abyss.
134661 | Pan      | Found an exit through the horrors of the Abyss.
134780 | Pan      | Found an exit through the horrors of the Abyss.
134826 | Pan      | Noticed Seddid the pandemonium lord
134856 | Pan      | Gained mutation: You are covered in fur (AC +1). [a cacodemon]
135321 | Pan      | Got a pair of encrusted boots
135332 | Pan      | Identified the +2 pair of boots "Muodgh" {Slay-2 Curse} (You acquired it in Pandemonium)
136225 | Pan      | Found an exit through the horrors of the Abyss.
136234 | Pan      | Found an exit through the horrors of the Abyss.
136655 | Pan      | Found an exit through the horrors of the Abyss.
136692 | Pan      | Reached skill level 27 in Fighting
137248 | Pan      | Found an exit through the horrors of the Abyss.
137262 | Pan      | Entered the realm of Cerebov.
137796 | Pan      | Noticed Cerebov
138337 | Pan      | Got a jewelled spear
138338 | Pan      | Identified the +10 spear of Broken Luck {venom, Str-3} (You took it off a balrug in Pandemonium)
138498 | Pan      | HP: 7/204 [Brimstone Fiend/blast of hellfire (45)]
138640 | Pan      | Got an uncursed ivory great sword {flame}
138847 | Pan      | Got a fiery rune of Zot
139057 | Pan      | Entered the realm of Mnoleg.
139311 | Pan      | Gained mutation: You tend to lose your temper in combat. [mutagenic meat]
139349 | Pan      | Got a glowing rune of Zot
139350 | Pan      | Noticed Mnoleg
139773 | Pan      | Noticed Pnusur the pandemonium lord
139813 | Depths:1 | Escaped Pandemonium
140242 | Lair:2   | Lost mutation: Your spells are easier to cast, but less powerful. [potion of cure mutation]
140242 | Lair:2   | Lost mutation: Your spells are a little easier to cast, but a little less powerful. [potion of cure mutation]
140242 | Lair:2   | Lost mutation: You can spit poison. [potion of cure mutation]
140242 | Lair:2   | Lost mutation: You tend to lose your temper in combat. [potion of cure mutation]
140242 | Lair:2   | Lost mutation: Your flesh is heat resistant. [potion of cure mutation]
140243 | Lair:2   | Lost mutation: You heal slowly when monsters are visible. [potion of mutation]
140243 | Lair:2   | Gained mutation: You are dopey. (Int -2) [potion of mutation]
140244 | Lair:2   | Gained mutation: You have sharp fingernails. [potion of mutation]
140245 | Lair:2   | Gained mutation: You have a pair of small horns on your head. [potion of mutation]
140245 | Lair:2   | Lost mutation: Your body is slowly deteriorating. [potion of mutation]
140245 | Lair:2   | Gained mutation: You have difficulty communicating with the divine. [potion of mutation]
140246 | Lair:2   | Gained mutation: You are agile. (Dex +2) [potion of mutation]
140247 | Lair:2   | Lost mutation: You have a pair of small horns on your head. [potion of cure mutation]
140247 | Lair:2   | Lost mutation: You are dopey. (Int -2) [potion of cure mutation]
140247 | Lair:2   | Lost mutation: You are covered in fur (AC +1). [potion of cure mutation]
140247 | Lair:2   | Lost mutation: You are agile. (Dex +2) [potion of cure mutation]
140247 | Lair:2   | Lost mutation: You have difficulty communicating with the divine. [potion of cure mutation]
140247 | Lair:2   | Lost mutation: Armour fits poorly on your strangely shaped body. [potion of cure mutation]
140256 | Lair:2   | Gained mutation: Your flesh is heat resistant. [potion of beneficial mutation]
140257 | Lair:2   | Gained mutation: You can spit poison. [potion of beneficial mutation]
140339 | Lair:2   | Identified the +3 chain mail of the Meadowlark {Dex+2 Int-4 Stlth++} (You found it on level 2 of the Lair of Beasts)
141082 | Vaults:1 | You paid a toll of a +9 gold dragon armour to enter a treasure trove
141083 | Trove    | Entered a treasure trove
141125 | Trove    | Got a fine golden ring
141127 | Trove    | Got a fine graven amulet
141128 | Trove    | Identified the amulet "Zelyesod" {Gourm Dex+5 Int-2} (You found it in a treasure trove)
141129 | Trove    | Identified the ring of Jov Ejetwuq {Ice rN+ SInv} (You found it in a treasure trove)
141144 | Trove    | Got a polished mace
141147 | Trove    | Identified the cursed +8 mace of the Extremes {flame, rC+} (You found it in a treasure trove)
142123 | Geh:1    | Entered Level 1 of Gehenna
142351 | Geh:1    | Reached skill level 1 in Maces & Flails
142607 | Geh:1    | Cast into the Abyss (red devil)
142624 | Abyss:1  | Gained mutation: Armour fits poorly on your strangely shaped body. [a cacodemon]
142625 | Abyss:1  | Gained mutation: You possess an exceptional clarity of mind. [a cacodemon]
142678 | Abyss:1  | Reached skill level 5 in Maces & Flails
142783 | Abyss:1  | Noticed an ancient lich
142791 | Abyss:1  | Killed an ancient lich
142796 | Abyss:1  | Gained mutation: Your spells are a little easier to cast, but a little less powerful. [a cacodemon]
143070 | Geh:1    | Escaped the Abyss
144474 | Pan      | Entered Pandemonium
144474 | Pan      | Found an exit through the horrors of the Abyss.
144596 | Pan      | Noticed Oxzafit the pandemonium lord
144620 | Pan      | Killed Oxzafit the pandemonium lord
144870 | Pan      | Reached skill level 10 in Maces & Flails
145236 | Pan      | Got an encrusted scimitar
145237 | Pan      | Identified the +7 scimitar of the Thirteen Orbs {flame, rC++ Int-3} (You found it in Pandemonium)
145835 | Pan      | Found an exit through the horrors of the Abyss.
146059 | Pan      | Found an exit through the horrors of the Abyss.
146408 | Pan      | Noticed Agiogg the pandemonium lord
146427 | Pan      | Killed Agiogg the pandemonium lord
147335 | Pan      | Found an exit through the horrors of the Abyss.
147340 | Pan      | Noticed Throisynt the pandemonium lord
147346 | Pan      | Killed Throisynt the pandemonium lord
147875 | Pan      | Found an exit through the horrors of the Abyss.
147975 | Pan      | Found an exit through the horrors of the Abyss.
148256 | Pan      | Noticed Qigef the pandemonium lord
148267 | Pan      | Killed Qigef the pandemonium lord
148299 | Pan      | Got a jewelled spear
148300 | Pan      | Identified the cursed +1 spear of Light {venom, -Tele MR++ Int+2 SInv} (You found it in Pandemonium)
148415 | Pan      | Found an exit through the horrors of the Abyss.
148888 | Pan      | Noticed Anysas the pandemonium lord
148893 | Pan      | Killed Anysas the pandemonium lord
149197 | Pan      | Found an exit through the horrors of the Abyss.
149456 | Pan      | Reached skill level 15 in Evocations
150065 | Pan      | Found an exit through the horrors of the Abyss.
150351 | Pan      | Noticed Fironil the pandemonium lord
150912 | Pan      | Reached skill level 15 in Maces & Flails
151570 | Pan      | Found an exit through the horrors of the Abyss.
152441 | Depths:1 | Escaped Pandemonium
152615 | Coc:1    | Entered Level 1 of Cocytus
154269 | Coc:7    | Entered Level 7 of Cocytus
154963 | Coc:7    | Noticed the Serpent of Hell
154973 | Coc:7    | Killed the Serpent of Hell
154994 | Coc:7    | Noticed Antaeus
155212 | Coc:7    | Killed Antaeus
155256 | Coc:7    | Got an icy rune of Zot
155540 | Tar:1    | Entered Level 1 of Tartarus
156997 | Tar:7    | Entered Level 7 of Tartarus
157236 | Tar:7    | Got a flickering glass ring
157238 | Tar:7    | Got a brightly glowing lapis lazuli ring
157239 | Tar:7    | Identified the ring of Pauw {+Fly rN+ Stlth+} (You found it on level 7 of Tartarus)
157260 | Tar:7    | Identified the ring "Jenunap" {Wiz MR+ Int+1} (You found it on level 7 of Tartarus)
157439 | Tar:7    | Noticed an ancient lich
157443 | Tar:7    | Killed an ancient lich
157698 | Tar:7    | Noticed Ereshkigal
158166 | Tar:7    | Got a jewelled trident
158167 | Tar:7    | Identified the +7 trident of a labyrinth {freeze, rN+ Str+1 Stlth+} (You found it on level 7 of Tartarus)
158170 | Tar:7    | Got an ancient steel ring
158172 | Tar:7    | Got a shimmering bone ring
158178 | Tar:7    | Identified the ring "Ziozaxah" {rElec rF+ MR+ Regen} (You found it on level 7 of Tartarus)
158481 | Tar:7    | Got a crystal trident
158482 | Tar:7    | Identified the cursed -2 trident of Sius {pierce, rPois rF+ rN+} (You found it on level 7 of Tartarus)
158489 | Tar:7    | Identified Quptaed's Handbook of Earthen Confrontation (You found it on level 7 of Tartarus)
158599 | Tar:7    | Got a warped chain mail
158614 | Tar:7    | Identified the +8 chain mail "Lynn" {rElec Int+2} (You found it on level 7 of Tartarus)
159330 | Tar:7    | Got a bone rune of Zot
159455 | Dis:1    | Entered Level 1 of the Iron City of Dis
160373 | Dis:3    | Reached skill level 27 in Fire Magic
161645 | Dis:7    | Entered Level 7 of the Iron City of Dis
162271 | Dis:7    | Gained mutation: Your vision is a little blurry. [a cacodemon]
163927 | Dis:7    | Lost mutation: You possess an exceptional clarity of mind. [potion of cure mutation]
163927 | Dis:7    | Lost mutation: Your flesh is heat resistant. [potion of cure mutation]
163927 | Dis:7    | Lost mutation: Your vision is a little blurry. [potion of cure mutation]
163927 | Dis:7    | Lost mutation: You have sharp fingernails. [potion of cure mutation]
163927 | Dis:7    | Lost mutation: Armour fits poorly on your strangely shaped body. [potion of cure mutation]
163927 | Dis:7    | Lost mutation: You can spit poison. [potion of cure mutation]
164756 | Dis:7    | Noticed Dispater
164763 | Dis:7    | Got an iron rune of Zot
164766 | Dis:7    | Got a faintly glowing hand axe
164904 | Hell     | Identified the cursed ring of Sihedi Feaz {MP+9 Str+2 Dex+4} (You found it on level 7 of Tartarus)
164912 | Hell     | Identified the +9 hand axe of Xaajy {chop, -Cast +Rage +Inv rC+} (You found it on level 7 of the Iron City of Dis)
165251 | Lair:2   | Learned a level 6 spell: Bolt of Cold
165310 | Lair:2   | Learned a level 9 spell: Shatter
166277 | Geh:7    | Entered Level 7 of Gehenna
166923 | Geh:7    | Noticed Asmodeus
167284 | Geh:7    | Got an obsidian rune of Zot
167620 | Zot:1    | Entered Level 1 of the Realm of Zot
167737 | Zot:1    | Noticed an orb of fire
167743 | Zot:1    | Killed an orb of fire
167743 | Zot:1    | Reached skill level 27 in Spellcasting
169025 | Zot:3    | Got a dazzling plate armour
169037 | Zot:3    | Identified the cursed +0 plate armour of Rumanei Blurph {rPois rF+ rN+} (You found it on level 3 of the Realm of Zot)
169319 | Zot:4    | Got a faintly humming large shield
169330 | Zot:4    | Identified the +7 large shield "Eskek" {rPois rC+} (You found it on level 4 of the Realm of Zot)
169746 | Zot:5    | Entered Level 5 of the Realm of Zot
170056 | Zot:5    | Noticed an ancient lich
170061 | Zot:5    | Noticed an orb of fire
170074 | Zot:5    | Killed an ancient lich
170095 | Zot:5    | Noticed an ancient lich
170095 | Zot:5    | Killed from afar by an ancient lich

Action                   |  1- 3 |  4- 6 |  7- 9 | 10-12 | 13-15 | 16-18 | 19-21 | 22-24 | 25-27 || total
-------------------------+-------+-------+-------+-------+-------+-------+-------+-------+-------++-------
Melee: Spear             |    23 |   129 |   358 |       |   372 |   936 |   151 |       |       ||  1969
       Whip              |       |       |       |    65 |       |       |       |       |       ||    65
       Flail             |       |       |       |   155 |       |       |    23 |    77 |   887 ||  1142
       Trident           |       |       |       |   106 |       |       |       |       |       ||   106
       Mace              |       |       |       |    38 |   221 |       |    90 |       |  5158 ||  5507
       Falchion          |       |       |       |       |       |       |    94 |    83 |   311 ||   488
       Eveningstar       |       |       |       |       |       |       |       |       |    53 ||    53
       Staff             |       |       |       |       |       |       |       |       |    21 ||    21
 Cast: Magic Dart        |    64 |   138 |   263 |   459 |    30 |     3 |       |       |       ||   957
       Repel Missiles    |     1 |       |     3 |       |     1 |       |     4 |     1 |    10 ||    20
       Conjure Flame     |     2 |     7 |    24 |    21 |     9 |     3 |    16 |     2 |     3 ||    87
       Blink             |       |     4 |     6 |    12 |    20 |    64 |    14 |     9 |   117 ||   246
       Mephitic Cloud    |       |       |    33 |    50 |     2 |     8 |     5 |     1 |       ||    99
       Force Lance       |       |       |       |    98 |       |       |       |       |       ||    98
       Apportation       |       |       |       |     2 |       |       |     1 |       |     2 ||     5
       Bolt of Fire      |       |       |       |    24 |   386 |   491 |   208 |   259 |   631 ||  1999
       Fireball          |       |       |       |       |    85 |   118 |   129 |   107 |   182 ||   621
       Regeneration      |       |       |       |       |     5 |    20 |     8 |     4 |   206 ||   243
       Haste             |       |       |       |       |     1 |    16 |    15 |     4 |   190 ||   226
       Iron Shot         |       |       |       |       |       |       |    40 |   143 |   477 ||   660
       Ring of Flames    |       |       |       |       |       |       |       |       |   293 ||   293
       Lehudib's Crystal |       |       |       |       |       |       |       |       |   711 ||   711
       Fire Storm        |       |       |       |       |       |       |       |       |   477 ||   477
       Bolt of Magma     |       |       |       |       |       |       |       |       |   306 ||   306
       Spellforged Servi |       |       |       |       |       |       |       |       |   248 ||   248
       Lee's Rapid Decon |       |       |       |       |       |       |       |       |    53 ||    53
       Control Teleport  |       |       |       |       |       |       |       |       |    17 ||    17
       Dispel Undead     |       |       |       |       |       |       |       |       |    13 ||    13
       Bolt of Cold      |       |       |       |       |       |       |       |       |     3 ||     3
       Shatter           |       |       |       |       |       |       |       |       |     2 ||     2
 Abil: Fly               |       |       |       |       |     1 |     1 |     1 |       |       ||     3
Evoke: Wand              |       |     1 |     2 |    25 |    27 |    50 |     3 |     2 |    54 ||   164
       Deck              |       |       |       |     4 |       |       |       |       |     4 ||     8
       Lamp of fire      |       |       |       |       |     5 |     2 |     2 |     2 |    44 ||    55
       Disc of storms    |       |       |       |       |       |       |       |       |    25 ||    25
       Sack of spiders   |       |       |       |       |       |       |       |       |    13 ||    13
       Staff of energy   |       |       |       |       |       |       |       |       |    12 ||    12
       Fan of gales      |       |       |       |       |       |       |       |       |     6 ||     6
       Stone of tremors  |       |       |       |       |       |       |       |       |     1 ||     1
       Horn of Geryon    |       |       |       |       |       |       |       |       |     1 ||     1
  Use: Scroll            |       |       |    10 |    10 |    25 |    22 |    13 |    10 |   122 ||   212
       Potion            |       |       |       |     1 |     2 |    15 |     5 |     3 |    47 ||    73
 Stab: Sleeping          |       |     2 |     1 |     1 |     1 |       |       |       |     6 ||    11
       Confused          |       |       |    17 |    12 |       |     5 |       |       |       ||    34
       Distracted        |       |       |       |       |       |       |       |       |    48 ||    48
       Held in net/web   |       |       |       |       |       |       |       |       |     3 ||     3
       Petrified         |       |       |       |       |       |       |       |       |     1 ||     1
  Eat: Chunk             |     1 |     8 |    17 |    51 |   167 |   129 |    47 |    38 |   188 ||   646
       Royal jelly       |       |       |     1 |       |       |     1 |       |       |     8 ||    10
       Fruit             |       |       |     1 |     2 |       |       |       |       |       ||     3
       Pizza             |       |       |       |     1 |       |     1 |     1 |       |     9 ||    12
       Meat ration       |       |       |       |     2 |       |     1 |     3 |       |    14 ||    20
       Beef jerky        |       |       |       |     2 |       |     1 |       |       |    12 ||    15
       Bread ration      |       |       |       |       |       |     2 |       |       |    14 ||    16
